 Dungeon Crawl Stone Soup version 0.28-a0-429-g1448048969 (webtiles) character file.

Game seed: 13697974808950938384

756707 mistaj the Hoplite (level 27, -1/160 HPs)
             Began as a Vine Stalker Fighter on Sept 4, 2021.
             Was the Champion of Okawaru.
             Killed by drain life
             ... invoked by a deathcap
             ... summoned by a curse toe
              (19 damage)
             ... on level 4 of the Realm of Zot on Sept 10, 2021.
             The game lasted 04:17:19 (83501 turns).

mistaj the Hoplite (Vine Stalker Fighter)          Turns: 83501, Time: 04:17:20

Health: -1/160     AC: 54    Str: 23    XL:     27
Magic:  0/36       EV: 13    Int: 12    God:    Okawaru [******]
Gold:   3764       SH: 22    Dex: 19    Spells: 42/42 levels left

rFire   + . .      SeeInvis +   E - +9 quick blade (vamp)
rCold   + + +      Faith    .   X - +5 kite shield {reflect}
rNeg    . . .      Spirit   +   S - +14 crystal plate armour of Inaction {rPois rC++ Int-3 SInv}
rPois   +          Reflect  +   j - +2 helmet
rElec   +          Harm     .   G - +0 cloak "Heekusai" {rElec}
rCorr   +          Rampage  .   a - +3 pair of gloves of Hiobif {Int+4}
Will    +++..                   V - +2 pair of boots {Fly}
Stlth   ..........              q - amulet "Xetur" {rPois Regen+ Stlth+}
HPRegen 2.36/turn               i - ring "Nooddaif" {+Blink rCorr Slay+4}
MPRegen 0.25/turn               l - ring "Maror" {Fly rF+ rC+ Str-3 Dex+2}

@: flying, studying Air Magic
A: fangs 3, regeneration 1, magic shield, antimagic bite, no potion heal 2,
talons 1, subdued magic 1
}: 5/15 runes: serpentine, barnacled, slimy, silver, abyssal
a: Renounce Religion, Evoke Blink, Heroism, Finesse, Duel


You were on level 4 of the Realm of Zot.
You worshipped Okawaru.
Okawaru was exalted by your worship.
You visited 11 branches of the dungeon, and saw 54 of its levels.
You visited the Abyss 4 times.
You visited 1 bazaar.
You also visited: Trove and Ice Cave.

You collected 8610 gold pieces.
You spent 4846 gold pieces at shops.

Inventory:

Hand Weapons
 E - a +9 vampiric quick blade (weapon)
 I - the +7 quick blade "Tepill" {freeze, +Blink rCorr Str-2 Dex+8}
   (Okawaru gifted it to you on level 2 of the Snake Pit)

   It freezes those it strikes, dealing additional cold damage.
   It can also slow down cold-blooded creatures.
   Str:       It affects your strength (-2).
   Dex:       It affects your dexterity (+8).
   +Blink:    It lets you blink.
   rCorr:     It protects you from acid and corrosion.
Missiles
 u - 22 throwing nets
 y - 252 poisoned darts (quivered)
 F - 30 silver javelins
Armour
 a - the +3 pair of gloves of Hiobif (worn) {Int+4}
   (You acquired it on level 1 of the Lair of Beasts)

   Int:       It affects your intelligence (+4).
 j - a +2 helmet (worn)
 C - a scarf of resistance
 G - the +0 cloak "Heekusai" (worn) {rElec}
   (Okawaru gifted it to you on level 5 of the Lair of Beasts)

   rElec:     It insulates you from electricity.
 Q - a scarf of repulsion
 S - the +14 crystal plate armour of Inaction (worn) {rPois rC++ Int-3 SInv}
   (Okawaru gifted it to you on level 1 of the Orcish Mines)

   Int:       It affects your intelligence (-3).
   rC:        It greatly protects you from cold.
   rPois:     It protects you from poison.
   SInv:      It lets you see invisible.
 V - a +2 pair of boots of flying (worn)
 W - the +1 cloak of Qar Quat {Harm rF+++ MP-9 Slay+5}
   (You bought it in a shop on level 1 of the Snake Pit)

   Slay:      It affects your accuracy & damage with ranged weapons and melee
   (+5).
   rF:        It renders you almost immune to fire.
   MP:        It affects your magic capacity (-9).
   Harm:      It increases damage dealt and taken.
 X - a +5 kite shield of reflection (worn)
Jewellery
 c - the ring "Uwoid" {rElec rPois rF+ Dex+4}
   (You found it on level 5 of the Vaults)

   [ring of protection from fire]

   Dex:       It affects your dexterity (+4).
   rF:        It protects you from fire.
   rElec:     It insulates you from electricity.
   rPois:     It protects you from poison.
 i - the ring "Nooddaif" (left hand) {+Blink rCorr Slay+4}
   (You found it in a treasure trove)

   [ring of slaying]

   Slay:      It affects your accuracy & damage with ranged weapons and melee
   (+4).
   +Blink:    It lets you blink.
   rCorr:     It protects you from acid and corrosion.
 l - the ring "Maror" (right hand) {Fly rF+ rC+ Str-3 Dex+2}
   (You bought it in a shop on level 10 of the Dungeon)

   [ring of protection from cold]

   Str:       It affects your strength (-3).
   Dex:       It affects your dexterity (+2).
   rF:        It protects you from fire.
   rC:        It protects you from cold.
   Fly:       It grants you flight.
 q - the amulet "Xetur" (around neck) {rPois Regen+ Stlth+}
   (You acquired it in an ice cave)

   [amulet of regeneration]

   rPois:     It protects you from poison.
   Regen:     It increases your rate of health regeneration.
   Stlth:     It makes you more stealthy.
 w - the ring "Pulud" {rF+ rC+ Will+ Dex+6}
   (You bought it in a shop on level 4 of the Vaults)

   [ring of dexterity]

   Dex:       It affects your dexterity (+6).
   rF:        It protects you from fire.
   rC:        It protects you from cold.
   Will:      It increases your willpower.
 P - the amulet of Eluloniq {*Slow rElec rF++ Regen+ Int+7}
   (You took it off a vault guard on level 5 of the Vaults)

   [amulet of regeneration]

   Int:       It affects your intelligence (+7).
   rF:        It greatly protects you from fire.
   rElec:     It insulates you from electricity.
   Regen:     It increases your rate of health regeneration.
   *Slow:     It may slow you when you take damage.
Wands
 k - a wand of digging (20)
 m - a wand of flame (179)
 t - a wand of iceblast (42)
 v - a wand of mindburst (59)
 x - a wand of acid (30)
 Z - a wand of paralysis (9)
Scrolls
 e - 7 scrolls of fog
 f - 13 scrolls of magic mapping
 g - 27 scrolls of teleportation
 r - a scroll of brand weapon
 s - 6 scrolls of fear
 A - 3 scrolls of silence
 J - a scroll of enchant armour
 L - 2 scrolls of holy word
 M - 34 scrolls of identify
 T - 6 scrolls of blinking
Potions
 b - 9 potions of might
 d - 4 potions of berserk rage
 h - 15 potions of brilliance
 n - 9 potions of lignification
 o - 7 potions of ambrosia
 p - 21 potions of curing
 z - 12 potions of mutation
 B - 8 potions of magic
 D - 10 potions of attraction
 H - 4 potions of resistance
 K - 3 potions of haste
 N - 6 potions of invisibility
 U - 4 potions of cancellation
Miscellaneous
 O - a tin of tremorstones (2/2)
 R - a condenser vane
 Y - a phial of floods


   Skills:
 + Level 21.5 Fighting
 + Level 20.5 Short Blades
 + Level 19.1 Armour
 + Level 16.7 Dodging
 + Level 21.6 Shields
 - Level 2.3 Unarmed Combat
 - Level 8.3 Spellcasting
 - Level 7.1 Air Magic
 - Level 6.4 Invocations
 - Level 5.8 Evocations


You had 42 spell levels left.
You didn't know any spells.
Your spell library contained the following spells:

 Spells                   Type           Power      Damage    Failure   Level
 Swiftness                Air            16%        N/A       38%         3
 Shock                    Conj/Air       40%        1d5       52%         1
 Poisonous Vapours        Pois/Air       20%        N/A       67%         2
 Static Discharge         Conj/Air       10%        N/A       67%         2
 Airstrike                Air            8%         N/A       80%         4
 Apportation              Tloc           6%         N/A       95%         1
 Beastly Appendage        Tmut           6%         N/A       95%         1
 Corona                   Hex            3%         N/A       95%         1
 Foxfire                  Conj/Fire      12%        2x1d4     95%         1
 Magic Dart               Conj           12%        1d3       95%         1
 Pain                     Necr           12%        1d4       95%         1
 Sandblast                Erth           6%         2d5       95%         1
 Sting                    Tmut/Pois      12%        1d3       95%         1
 Mephitic Cloud           Conj/Pois/Air  8%         N/A       96%         3
 Blink                    Tloc           N/A        N/A       99%         2
 Ensorcelled Hibernation  Hex/Ice        6%         N/A       99%         2
 Passwall                 Tmut/Erth      2%         N/A       99%         2
 Scorch                   Fire           6%         2d5       99%         2
 Slow                     Hex            3%         N/A       99%         2
 Sublimation of Blood     Necr           1%         N/A       99%         2
 Wereblood                Tmut           3%         N/A       99%         2
 Confusing Touch          Hex            3%         N/A       100%        3
 Conjure Flame            Conj/Fire      3%         6-21      100%        3
 Dazzling Flash           Conj/Hex       6%         N/A       100%        3
 Frozen Ramparts          Ice            6%         1d2       100%        3
 Gell's Gravitas          Tloc           1%         N/A       100%        3
 Inner Flame              Hex/Fire       3%         N/A       100%        3
 Lesser Beckoning         Tloc           3%         N/A       100%        3
 Ozocubu's Armour         Ice            3%         N/A       100%        3
 Portal Projectile        Hex/Tloc       6%         N/A       100%        3
 Spider Form              Tmut/Pois      1%         N/A       100%        3
 Stone Arrow              Conj/Erth      6%         3d7       100%        3
 Teleport Other           Tloc           3%         N/A       100%        3
 Vampiric Draining        Necr           1%         2d6       100%        3
 Dispel Undead            Necr           3%         3d7       100%        4
 Flame Wave               Conj/Fire      3%         3d3       100%        4
 Fulminant Prism          Conj/Hex       1%         3d6       100%        4
 Hailstorm                Conj/Ice       3%         3d3       100%        4
 Ice Form                 Ice/Tmut       3%         N/A       100%        4
 Iskenderun's Mystic Bla  Conj/Tloc      3%         2d3       100%        4
 Leda's Liquefaction      Hex/Erth       1%         N/A       100%        4
 Olgreb's Toxic Radiance  Pois           3%         N/A       100%        4
 Passage of Golubria      Tloc           N/A        N/A       100%        4
 Sticky Flame             Conj/Fire      3%         2d3       100%        4
 Agony                    Necr           3%         N/A       100%        5
 Alistair's Intoxication  Tmut/Pois      2%         N/A       100%        5
 Blade Hands              Tmut           1%         N/A       100%        5
 Borgnjor's Vile Clutch   Necr/Erth      1%         N/A       100%        5
 Excruciating Wounds      Necr           1%         N/A       100%        5
 Fireball                 Conj/Fire      1%         3d3       100%        5
 Iskenderun's Battlesphe  Conj           3%         2d6       100%        5
 Lee's Rapid Deconstruct  Erth           1%         3d5*      100%        5
 Lightning Bolt           Conj/Air       5%         1d17      100%        5
 Manifold Assault         Tloc           3%         N/A       100%        5
 Metabolic Englaciation   Hex/Ice        1%         N/A       100%        5
 Yara's Violent Unravell  Hex/Tmut       1%         3d3       100%        5
 Conjure Ball Lightning   Conj/Air       5%         3x3d6     100%        6
 Dispersal                Tloc           1%         N/A       100%        6
 Eringya's Noxious Bog    Tmut/Pois      1%         N/A       100%        6
 Invisibility             Hex            1%         N/A       100%        6
 Iron Shot                Conj/Erth      1%         9d1       100%        6
 Starburst                Conj/Fire      1%         6d3       100%        6
 Statue Form              Tmut/Erth      2%         N/A       100%        6
 Orb of Destruction       Conj           1%         N/A       100%        7
 Ozocubu's Refrigeration  Ice            1%         4d5       100%        7
 Storm Form               Tmut/Air       5%         N/A       100%        7
 Borgnjor's Revivificati  Necr           1%         N/A       100%        8
 Lehudib's Crystal Spear  Conj/Erth      1%         10d2      100%        8
 Maxwell's Capacitive Co  Air            8%         ∞         100%        8
 Necromutation            Tmut/Necr      1%         N/A       100%        8
 Death's Door             Necr           1%         N/A       100%        9
 Fire Storm               Conj/Fire      1%         8d1       100%        9
 Polar Vortex             Ice            1%         N/A       100%        9
 Animate Skeleton         Necr           Unusable   N/A       N/A         1
 Summon Small Mammal      Summ           Unusable   N/A       N/A         1
 Call Imp                 Summ           Unusable   N/A       N/A         2
 Tukima's Dance           Hex            Unusable   N/A       N/A         3
 Animate Armour           Summ/Erth      Unusable   N/A       N/A         4
 Animate Dead             Necr           Unusable   N/A       N/A         4
 Summon Ice Beast         Ice/Summ       Unusable   N/A       N/A         4
 Death Channel            Necr           Unusable   N/A       N/A         6
 Simulacrum               Ice/Necr       Unusable   N/A       N/A         6
 Summon Cactus Giant      Summ           Unusable   N/A       N/A         6
 Summon Hydra             Summ           Unusable   N/A       N/A         7

Dungeon Overview and Level Annotations

Branches:
Dungeon (15/15)            Temple (1/1) D:4            Lair (6/6) D:9
 Shoals (4/4) Lair:4        Snake (4/4) Lair:2        Slime (5/5) Lair:6
    Orc (2/2) D:10            Elf (3/3) Orc:2        Vaults (5/5) D:13
  Crypt (0/3) Vaults:2     Depths (5/5) D:15            Zot (4/5) Depths:5
  IceCv (visited)

Altars:
Ashenzari
Cheibriados
Dithmenos
Elyvilon
Fedhas
Gozag
Hepliaklqana
Kikubaaqudgha
Makhleb
Nemelex Xobeh
Okawaru
Qazlal
Ru
Sif Muna
Trog
Uskayaw
Vehumet
Wu Jian
Xom
Yredelemnul
Zin
The Shining One
Beogh
Jiyva

Shops:
D:1 *(   D:6 ((*:[   D:9 *   D:10 *   Orc:2 :([!*   Elf:2 (   Elf:3 =
Snake:1 (!*[   Vaults:1 [   Vaults:4 !=([   Vaults:5 *   Depths:5 :==

Portals:
Hell: Depths:1 Depths:2 Depths:3 Depths:4 Depths:5
Abyss: Depths:1 Depths:4
Pandemonium: Depths:2 Depths:3
Ziggurat: Depths:2

Annotations:
Lair:6 exclusion: obsidian statue


Innate Abilities, Weirdness & Mutations

You have razor-sharp teeth.
Your natural rate of healing is unusually fast.
When hurt, damage is shared between your health and your magic reserves.
Your bite disrupts and absorbs the magic of your enemies.
Potions cannot restore your health.
You have sharp toenails.
Your spells are a little easier to cast, but a little less powerful.


Message History

The wandering mushroom closely misses you.
Unknown command.
You barely miss the wandering mushroom. You bite the wandering mushroom!!
You drain its power.
The wandering mushroom is heavily damaged.
The wandering mushroom releases spores at you.
* * * LOW HITPOINT WARNING * * *
You are engulfed in a cloud of spores!
The deathcap releases spores at you but does no damage.
You bump into the rock wall.
The wandering mushroom barely misses you.
The wandering mushroom closely misses you.
The wandering mushroom releases spores at you but does no damage.
The deathcap releases spores at you but does no damage.
You hit the wandering mushroom.
The wandering mushroom is lightly damaged.
The curse toe gestures.
You hit the wandering mushroom. You bite the wandering mushroom.
You drain its power.
The wandering mushroom is moderately damaged.
You bump into the rock wall.
The wandering mushroom disappears in a puff of smoke!
The wandering mushroom releases spores at you but does no damage.
The wandering mushroom releases spores at you!
* * * LOW HITPOINT WARNING * * *
You are engulfed in a cloud of spores!
You are more confused.
The deathcap misses you.
The curse toe gestures.
You are too confused!
Your magical effects are unravelling.
You feel magically purged.
You feel less confused.
You block the wandering mushroom's attack. x2
The deathcap closely misses you.
The curse toe calls on the powers of darkness!
Your body is wracked with pain!
* * * LOW HITPOINT WARNING * * *
The deathcap draws from the surrounding life force!
You die...

#####
##...##########
####....ff.......#
......ffff.......#
.....fz@f...###...#
.....fz##...#
#...### ......f
#...# #..####
##[....
#.[.######<##
#......
#......###>##
...##..
#......###### ..#
#.. ####.......##
.# ### ####....#
###....#


You could see 2 curse toes, 5 deathcaps and 5 wandering mushrooms.

Vanquished Creatures
  the Royal Jelly (Slime:5)
  A dread lich (Depths:4)
  4 ancient liches (Vaults:5)
  2 orbs of fire (Zot:2)
  Mara (Depths:2)
  Mennas (Vaults:3)
  A juggernaut (Depths:3)
  A shard shrike (IceCv)
  6 Killer Klowns
  Sojobo (Depths:2)
  Margery (Depths:1)
  The ghost of handsome the Unseen, a veteran OpWn of Xom (Vaults:4)
  3 curse toes
  Saint Roka (Orc:2)
  5 caustic shrikes (Depths:5)
  13 golden dragons
  Nikola (Shoals:1)
  A bone dragon (Abyss:4)
  4 electric golems
  24 tentacled monstrosities
  4 liches
  4 hellephants (Zot:1)
  Rupert (D:12)
  15 acid blobs
  4 titans
  2 deep elf blademasters (Elf:3)
  2 deep elf master archers (Elf:3)
  The ghost of Anno the Executioner, an adept MiGl of Okawaru (Lair:3)
  3 quicksilver dragons
  2 death cobs
  A kraken (Shoals:1)
  4 sphinxes
  Polyphemus (Shoals:3)
  Gastronok (Lair:2)
  12 tengu reavers
  3 tentacled starspawn
  The ghost of Kias the Severer, an adept MiBe of Trog (D:12)
  2 azure jellies (shapeshifter) (Zot:1)
  A thorn hunter (Abyss:1)
  Frances (Shoals:1)
  10 shadow dragons
  5 nagarajas
  13 storm dragons
  5 azure jellies
  5 fire giants
  Donald (Shoals:1)
  8 rockslimes
  A frost giant (shapeshifter) (Zot:1)
  5 draconian knights
  8 frost giants
  A daeva (Abyss:2)
  7 deep elf sorcerers
  4 ghost moths
  3 deep elf elementalists (Elf:3)
  13 vault wardens
  A caustic shrike zombie (Depths:2)
  2 orc warlords
  4 iron dragons
  A draconian stormcaller (Zot:3)
  2 spectral caustic shrikes (Depths:4)
  2 cacodemons (Vaults:4)
  3 draconian scorchers
  A curse skull (Vaults:2)
  3 spectral juggernauts (Depths:4)
  16 ironbound preservers
  6 quicksilver oozes
  6 spriggan defenders
  2 juggernaut skeletons
  5 draconian annihilators
  5 draconian shifters
  22 very ugly things
  4 war gargoyles
  14 stone giants
  10 green draconians
  4 vampire knights (Depths:4)
  The ghost of Daelid the Impaler, a journeyman MfGl of Yredelemnul (Lair:4)
  An entropy weaver (D:13)
  Nessos (D:13)
  The ghost of Opripao the Severer, a journeyman MiFi of Qazlal (D:15)
  12 black draconians
  6 dire elephants
  15 white draconians
  A bunyip (shapeshifter) (D:14)
  8 purple draconians
  9 spark wasps
  8 deep elf annihilators
  2 spectral titans (Depths:4)
  7 deep elf demonologists
  5 red draconians
  5 yellow draconians
  3 spectral quicksilver dragons (Depths:4)
  The ghost of Lorph the Bludgeoner, a journeyman MiBe of Trog (D:14)
  The ghost of Lorph the Bludgeoner, a journeyman MiBe of Trog (D:14)
  The ghost of Pigot the Bludgeoner, a journeyman MiBe of Trog (D:14)
  The ghost of Qiywoyfutt the Fighter, a journeyman GrFi of Okawaru (D:14)
  2 merfolk javelineers (Shoals:3)
  4 eidola (Depths:4)
  10 deep elf death magi
  16 ettins
  A crystal guardian (Vaults:3)
  11 merfolk impalers (Shoals:4)
  7 fire dragons
  A jiangshi (Vaults:2)
  6 great orbs of eyes
  11 yaktaur captains
  6 deep elf high priests
  5 ironbound thunderhulks
  6 spriggan air magi
  Josephine (Lair:5)
  3 rakshasas
  4 salamander tyrants
  3 spectral tengu (Depths:4)
  6 boulder beetles
  14 naga warriors
  A spectral shadow dragon (Depths:4)
  11 ice dragons
  A hell beast (Depths:2)
  A caustic shrike simulacrum (Depths:4)
  5 hydras
  An ogre mage (Vaults:5)
  2 peacekeepers
  A catoblepas (Shoals:2)
  30 vault guards
  5 merfolk avatars
  2 merfolk aquamancers
  2 death knights
  10 anacondas
  6 ironbound frosthearts
  An anaconda (shapeshifter) (D:15)
  A two-headed ogre (shapeshifter) (Vaults:1)
  13 centaur warriors
  4 two-headed ogres
  13 tengu warriors
  A satyr (shapeshifter) (Zot:1)
  44 dancing weapons
  A death yak (shapeshifter) (Vaults:5)
  3 satyrs
  3 death yaks
  6 spriggan berserkers
  11 deep troll shamans
  10 deep troll earth magi
  6 large abominations
  4 vampire magi
  16 deep elf knights
  A hell hog (Abyss:5)
  2 spectral storm dragons (Depths:4)
  8 naga sharpshooters
  2 thrashing horrors
  6 ironbound beastmasters
  8 hell knights
  Urug (D:13)
  Nergalle (Lair:2)
  8 shock serpents
  3 soul eaters
  A titan skeleton (Depths:2)
  A shock serpent (shapeshifter) (Vaults:5)
  7 iron trolls
  7 spectral elves (Depths:4)
  5 skeletal warriors
  2 salamander mystics
  8 sixfirhies
  2 spatial maelstroms (Abyss:2)
  A spectral anaconda (Lair:6)
  A spectral death yak (Lair:6)
  4 wretched stars
  10 sea snakes
  4 flayed ghosts
  A spectral iron dragon (Depths:4)
  3 spectral spark wasps (Depths:4)
  A naga ritualist (Snake:1)
  10 deep elf archers
  62 deep trolls
  2 deep trolls (shapeshifter)
  The ghost of gregwegmann the Grappler, a novice TrFi (D:5)
  9 wizards
  11 glowing orange brains
  9 phantasmal warriors
  3 orange crystal statues
  A death drake (Depths:4)
  18 ironbound convokers
  13 orc knights
  A harpy (shapeshifter) (Vaults:4)
  11 lindwurms
  A sphinx zombie (Depths:2)
  An iron dragon zombie (Depths:2)
  15 harpies
  20 deep elf pyromancers
  A mana viper (shapeshifter) (Vaults:5)
  4 mana vipers
  A shining eye (Slime:5)
  26 deep elf zephyrmancers
  13 salamanders
  A will-o-the-wisp (Abyss:2)
  10 necromancers
  18 fauns
  A wolf spider (shapeshifter) (Depths:3)
  22 manticores
  46 ugly things
  5 orc sorcerers
  7 cyclopes
  25 moths of wrath
  A black mamba (shapeshifter) (Depths:3)
  3 rust devils
  10 merfolk sirens
  22 elephants
  30 black mambas
  An elf zombie (Depths:2)
  17 vault sentinels
  4 guardian serpents
  An apocalypse crab (Zot:1)
  4 water nymphs
  2 eyes of devastation (Slime:4)
  A stone giant skeleton (D:15)
  A torpor snail (shapeshifter) (Zot:1)
  A smoke demon (Depths:3)
  17 naga magi
  12 cane toads
  2 dire elephant skeletons (Lair:6)
  2 gargoyles
  17 rime drakes
  An elf skeleton (Depths:2)
  2 kobold demonologists
  2 hellions
  An unseen horror (shapeshifter) (Depths:2)
  9 komodo dragons
  5 freezing wraiths
  4 spectral glowing shapeshifters (Depths:4)
  5 tengu conjurers
  2 efreet
  A hellwing (Depths:3)
  A golden dragon simulacrum (Depths:4)
  2 ice devils
  21 yaktaurs
  8 trolls
  A red devil (Depths:3)
  A troll (shapeshifter) (Elf:2)
  28 merfolk
  A meliai (shapeshifter) (Vaults:4)
  A queen bee (Abyss:3)
  18 polar bears
  8 wind drakes
  A wind drake (shapeshifter) (Vaults:5)
  2 ancient zymes (Abyss:5)
  3 raiju (Zot:3)
  Prince Ribbit (D:7)
  5 meliai (Abyss:3)
  29 blink frogs
  A spectral elephant (Lair:6)
  A tengu simulacrum (Depths:4)
  7 hornets
  10 dream sheep
  A slime creature (shapeshifter) (D:15)
  65 slime creatures
  A fire dragon zombie (D:15)
  15 snapping turtles
  An ice dragon zombie (D:15)
  A spriggan zombie (Depths:2)
  2 iron dragon simulacra (Depths:4)
  3 shadows
  A flying skull (Vaults:2)
  7 spriggans
  A meliai zombie (D:11)
  16 water elementals
  2 redbacks
  A vampire (Abyss:5)
  A wyvern (shapeshifter) (Vaults:4)
  2 spriggan skeletons (Depths:2)
  Sigmund (D:3)
  7 wraiths
  3 fire bats (Orc:2)
  4 fire elementals
  A human (shapeshifter) (Vaults:5)
  2 basilisks
  38 yaks
  4 wyverns
  A golden eye (shapeshifter) (Vaults:4)
  16 humans
  Eustachio (D:4)
  2 death yak simulacra (Lair:6)
  4 elf simulacra (Depths:4)
  A chaos spawn (Depths:2)
  8 wargs
  Edmund (D:3)
  A harpy simulacrum (D:14)
  2 spectral cane toads (Lair:6)
  6 vampire mosquitoes
  5 spatial vortices (Abyss:2)
  47 nagas
  A warg (shapeshifter) (Vaults:4)
  A naga (shapeshifter) (Vaults:4)
  A water moccasin (shapeshifter) (Vaults:4)
  A two-headed ogre zombie (D:10)
  2 acid dragons
  12 water moccasins
  3 floating eyes
  A hornet zombie (D:7)
  2 ice beasts
  A black bear (D:2)
  2 small abominations
  32 orc warriors
  A black bear (shapeshifter) (Elf:2)
  4 ogres
  A necrophage (D:6)
  24 centaurs
  8 boggarts
  16 wolves
  3 elephant skeletons (Lair:6)
  A phantom (D:10)
  A kobold brigand (D:7)
  An earth elemental (Elf:3)
  15 bullfrogs
  2 cane toad simulacra (Lair:6)
  A glowing shapeshifter simulacrum (Depths:4)
  11 gnoll sergeants
  2 scorpions (D:5)
  2 elephant simulacra (Lair:6)
  14 killer bees
  2 troll zombies (D:10)
  12 wights
  2 howler monkeys (D:11)
  A bullfrog zombie (D:5)
  8 centaur zombies
  3 starcursed masses
  10 hounds
  A bullfrog skeleton (D:5)
  A quasit (Abyss:2)
  25 orc priests
  2 centaur skeletons
  5 gnoll shamans
  3 iguanas
  Terence (D:2)
  27 orc wizards
  Natasha (thrice) (D:4)
  3 killer bee zombies (D:7)
  5 lightning spires (Zot:3)
  5 ogre zombies (D:10)
  A howler monkey zombie (D:4)
  67 gnolls
  7 adders
  A white imp (D:8)
  2 ufetubi
  5 worms
  2 dart slugs (D:1)
  81 orcs
  7 ball pythons
  5 endoplasms
  3 giant cockroaches
  13 goblins
  8 hobgoblins
  9 jackals (D:10)
  2 quokkas
  2 bats
  4 frilled lizards (D:1)
  A goblin skeleton (D:10)
  3 goblin zombies (D:10)
  4 hobgoblin zombies (D:10)
  15 kobolds
  5 orc skeletons (D:10)
  12 orc zombies (D:10)
  3 rats
  4 starspawn tentacles
  A tentacle (Shoals:1)
2384 creatures vanquished.

Vanquished Creatures (others)
  A draconian knight (Zot:3)
  2 black draconians (Zot:3)
  A deep elf knight (Elf:2)
  Sonja (D:11)
  A deep elf pyromancer (Elf:2)
  A tengu conjurer (Depths:4)
  A hornet (Vaults:5)
  A water elemental (Depths:1)
  A naga (Snake:2)
  An orc (Orc:2)
  5 ball lightnings (Zot:3)
  A briar patch (Abyss:1)
  10 bushes (Abyss:5)
  8 demonic plants (Abyss:5)
  3 foxfires (Abyss:2)
  21 fungi
  57 plants
  15 starspawn tentacles
  9 tentacles
  23 withered plants
163 creatures vanquished.

Grand Total: 2547 creatures vanquished

Notes
Turn   | Place    | Note
-------+----------+-------------------------------------------
     0 | D:1      | mistaj the Vine Stalker Fighter began the quest for the
                  | Orb.
     0 | D:1      | Reached XP level 1. HP: 11/11 MP: 2/2
    47 | D:1      | Reached XP level 2. HP: 12/16 MP: 3/3
   129 | D:1      | Found Oghyn's Weapon Boutique.
   636 | D:1      | Reached XP level 3. HP: 19/20 MP: 4/4
   641 | D:1      | Reached skill level 1 in Short Blades
   731 | D:1      | Found Uroc's General Store.
  1048 | D:2      | Found a faded altar of an unknown god.
  1835 | D:2      | Gained mutation: Your natural rate of healing is unusually
                  | fast. [Vine Stalker growth]
  1835 | D:2      | Reached XP level 4. HP: 20/24 MP: 5/5
  2051 | D:2      | Noticed Terence
  2056 | D:2      | Killed Terence
  2509 | D:3      | Noticed Sigmund
  2634 | D:3      | Reached XP level 5. HP: 29/29 MP: 6/6
  3130 | D:3      | Found a hazy altar of Hepliaklqana.
  3480 | D:4      | Identified the +1 leather armour of the Onion {Harm
                  | *Corrode rElec rF+++}
  3505 | D:4      | Noticed Natasha
  3513 | D:4      | Killed Natasha
  3623 | D:4      | Noticed a black bear
  3688 | D:2      | Killed a black bear
  3689 | D:2      | Reached XP level 6. HP: 33/33 MP: 7/7
  3806 | D:4      | Noticed Eustachio
  4120 | D:4      | Noticed a water moccasin
  4133 | D:4      | Killed a water moccasin
  4136 | D:4      | Noticed Natasha
  4158 | D:4      | Killed Natasha
  4199 | D:4      | Noticed Natasha
  4207 | D:4      | Killed Natasha
  4208 | D:4      | Reached XP level 7. HP: 21/38 MP: 3/8
  4289 | D:4      | Found a staircase to the Ecumenical Temple.
  4291 | D:4      | Noticed Edmund
  4327 | D:3      | Killed Edmund
  4328 | D:3      | Reached skill level 5 in Short Blades
  4348 | D:3      | Killed Sigmund
  4349 | D:3      | Reached skill level 5 in Fighting
  4426 | Temple   | Entered the Ecumenical Temple
  4488 | Temple   | Became a worshipper of Warmaster Okawaru
  4765 | D:4      | Killed Eustachio
  4766 | D:4      | Gained mutation: You have razor-sharp teeth. [Vine Stalker
                  | growth]
  4766 | D:4      | Reached XP level 8. HP: 33/44 MP: 6/9
  5055 | D:5      | Entered Level 5 of the Dungeon
  5261 | D:5      | Found a large runed translucent door.
  5261 | D:5      | Found a large runed translucent door.
  5270 | D:5      | Noticed gregwegmann's ghost (novice TrFi)
  5427 | D:5      | Reached * piety under Okawaru
  5681 | D:1      | Bought a +2 dagger of speed for 216 gold pieces
  6330 | D:6      | Found Ysmes's Book Boutique.
  6388 | D:6      | Reached skill level 1 in Spellcasting
  6427 | D:6      | Found Yggupnol's Weapon Emporium.
  6480 | D:6      | Found Suupn's General Store.
  6526 | D:6      | Reached XP level 9. HP: 49/49 MP: 12/12
  6690 | D:6      | Reached ** piety under Okawaru
  6919 | D:6      | Found Gucair's Armour Shop.
  7265 | D:6      | Found Miasud's Weapon Shoppe.
  7354 | D:7      | Noticed Prince Ribbit
  7363 | D:7      | Killed Prince Ribbit
  7427 | D:6      | Bought a +1 pair of gloves for 126 gold pieces
  7554 | D:7      | Reached *** piety under Okawaru
  7589 | D:7      | Found a hide-covered altar of Uskayaw.
  7921 | D:7      | Found a basalt altar of Yredelemnul.
  7929 | D:7      | Reached XP level 10. HP: 56/56 MP: 17/17
  8341 | D:8      | Found a blossoming altar of Fedhas.
  8746 | D:8      | You fall into a shaft and drop 2 floors!
  8746 | D:10     | Entered Level 10 of the Dungeon
  8753 | D:10     | Noticed a kobold demonologist
  9033 | D:10     | Reached **** piety under Okawaru
  9212 | D:9      | Found Halahu's Assorted Antiques.
  9507 | D:10     | Reached skill level 10 in Short Blades
  9567 | D:10     | Noticed a two-headed ogre
  9606 | D:10     | Killed a two-headed ogre
  9627 | D:10     | Found Juiracs's General Store.
  9806 | D:10     | Noticed a two-headed ogre
  9832 | D:10     | Killed a two-headed ogre
  9833 | D:10     | Reached skill level 5 in Shields
  9833 | D:10     | Reached XP level 11. HP: 19/60 MP: 18/18
  9868 | D:10     | Reached ***** piety under Okawaru
 10368 | D:10     | Received a gift from Okawaru
 10435 | D:10     | Found a staircase to the Orcish Mines.
 10577 | D:11     | Noticed a two-headed ogre
 11341 | D:9      | Found a staircase to the Lair.
 11869 | D:8      | Noticed a two-headed ogre
 11901 | D:8      | Killed a two-headed ogre
 12175 | D:8      | Found an ornate altar of the Wu Jian Council.
 12175 | D:8      | Found a snail-covered altar of Cheibriados.
 12318 | Orc:1    | Entered Level 1 of the Orcish Mines
 13032 | Orc:2    | Entered Level 2 of the Orcish Mines
 13089 | Orc:2    | Noticed a cyclops
 13233 | Orc:2    | Noticed an orc knight
 13552 | Orc:1    | Reached skill level 10 in Fighting
 13670 | Orc:1    | Killed an orc knight
 13670 | Orc:1    | Reached ****** piety under Okawaru
 13670 | Orc:1    | Identified the -2 pair of boots "Kemingum" {rPois rC+
                  | Dex+7} (Okawaru gifted it to you on level 1 of the Orcish
                  | Mines)
 13670 | Orc:1    | Received a gift from Okawaru
 13701 | Orc:2    | Noticed an orc knight
 13829 | Orc:1    | Killed an orc knight
 13830 | Orc:1    | Reached XP level 12. HP: 50/67 MP: 15/19
 14091 | Orc:2    | Reached skill level 5 in Armour
 14170 | Orc:2    | Found Osefoed's Gadget Gallery.
 14351 | Orc:2    | Paralysed by an orc sorcerer for 7 turns
 14398 | Orc:2    | Found Guatzoy's Book Boutique.
 14885 | Orc:2    | Found Amneibru's Distillery.
 15040 | Orc:2    | Found a staircase to the Elven Halls.
 15609 | Orc:2    | Noticed Saint Roka
 15713 | D:11     | Killed a two-headed ogre
 15884 | D:11     | Noticed Sonja
 16386 | Lair:1   | Entered Level 1 of the Lair of Beasts
 16543 | Lair:1   | Received a gift from Okawaru
 16855 | Lair:1   | Found a blossoming altar of Fedhas.
 17416 | Lair:1   | Reached XP level 13. HP: 65/74 MP: 17/20
 17725 | Lair:1   | Identified 2 scrolls of acquirement
 17725 | Lair:1   | Acquired the +3 pair of gloves of Hiobif {Int+4}
 17738 | Lair:1   | Acquired a ring of see invisible
 18069 | Lair:2   | Noticed Gastronok
 18105 | Lair:2   | Killed Gastronok
 18144 | Lair:2   | Found a staircase to the Snake Pit.
 18853 | Lair:2   | Noticed Nergalle
 18885 | Lair:2   | Killed Nergalle
 18885 | Lair:2   | Identified the +0 pair of boots of Jirocu {Str+4} (Okawaru
                  | gifted it to you on level 2 of the Lair of Beasts)
 18885 | Lair:2   | Received a gift from Okawaru
 19224 | Lair:3   | Reached skill level 10 in Shields
 19858 | Lair:3   | Found a runed translucent door.
 19862 | Lair:3   | Noticed Anno's ghost (adept MiGl)
 20416 | Lair:4   | Found a runed translucent door.
 20427 | Lair:4   | Found a shimmering altar of Xom.
 20427 | Lair:4   | Noticed Daelid's ghost (journeyman MfGl)
 20591 | Lair:4   | Reached XP level 14. HP: 81/81 MP: 21/21
 21088 | Lair:4   | Found a staircase to the Shoals.
 22033 | Lair:5   | Noticed Josephine
 22057 | Lair:5   | Killed Josephine
 22079 | Lair:5   | Identified the +0 cloak "Heekusai" {rElec} (Okawaru gifted
                  | it to you on level 5 of the Lair of Beasts)
 22079 | Lair:5   | Received a gift from Okawaru
 22942 | Lair:6   | Entered Level 6 of the Lair of Beasts
 23138 | Lair:6   | Identified the ring "Biaxe" {rElec Will+ MP+9 Int-3 Dex+6}
 23427 | Lair:6   | Found a staircase to the Slime Pits.
 23427 | Lair:6   | Found a viscous altar of Jiyva.
 23994 | Lair:6   | Noticed a dire elephant
 23994 | Lair:6   | Noticed a dire elephant
 23994 | Lair:6   | Noticed a dire elephant
 25467 | Orc:1    | Identified the +14 crystal plate armour of Inaction {rPois
                  | rC++ Int-3 SInv} (Okawaru gifted it to you on level 1 of
                  | the Orcish Mines)
 25467 | Orc:1    | Received a gift from Okawaru
 25612 | Orc:2    | Found Searuma's Antique Weapon Shop.
 25617 | Orc:2    | Found Doij Nygh's Antique Armour Boutique.
 26001 | Orc:2    | Killed Saint Roka
 26002 | Orc:2    | Reached XP level 15. HP: 39/86 MP: 22/22
 26201 | D:10     | Bought the ring "Maror" {Fly rF+ rC+ Str-3 Dex+2} for 429
                  | gold pieces
 26201 | D:10     | Bought a scroll of teleportation for 33 gold pieces
 26201 | D:10     | Bought a scroll of identify for 22 gold pieces
 26201 | D:10     | Bought a scroll of enchant weapon for 82 gold pieces
 26433 | D:5      | Killed gregwegmann's ghost
 26812 | D:11     | Reached skill level 10 in Armour
 27040 | D:11     | Found an iron altar of Okawaru.
 27341 | D:11     | Reached skill level 1 in Dodging
 27406 | D:11     | Killed Sonja
 28392 | D:13     | Noticed Urug
 28392 | D:13     | Noticed Nessos
 28392 | D:13     | Noticed Rupert
 28392 | D:13     | Found a gate to the Vaults.
 28640 | D:12     | Paralysed by Rupert for 2 turns
 28729 | D:12     | Paralysed by Rupert for 2 turns
 28794 | D:12     | Killed Rupert
 28859 | D:13     | Killed Nessos
 28881 | D:13     | Killed Urug
 29021 | D:13     | Received a gift from Okawaru
 29904 | D:13     | Identified the +1 falchion "Elodacsu" {drain, rN+}
 31115 | D:15     | Entered Level 15 of the Dungeon
 31115 | D:15     | Found a huge runed gate.
 31115 | D:15     | Found a huge runed gate.
 31115 | D:15     | Found a huge runed gate.
 31115 | D:15     | Found a huge runed gate.
 31115 | D:15     | Found a huge runed gate.
 31115 | D:15     | Found a huge runed gate.
 31115 | D:15     | Found a huge runed gate.
 31115 | D:15     | Found a huge runed gate.
 31115 | D:15     | Found a huge runed gate.
 31115 | D:15     | Found a huge runed gate.
 31144 | D:14     | Reached XP level 16. HP: 78/92 MP: 23/23
 31344 | D:14     | Reached skill level 5 in Dodging
 31454 | D:15     | Found a huge runed gate.
 31454 | D:15     | Found a huge runed gate.
 31578 | D:15     | Found a huge runed gate.
 31578 | D:15     | Found a huge runed gate.
 31832 | D:14     | Received a gift from Okawaru
 31953 | D:15     | Cast into level 2 of the Abyss (deep elf pyromancer)
 31953 | Abyss:2  | Found a huge runed gate.
 31953 | Abyss:2  | Found a huge runed gate.
 31953 | Abyss:2  | Found a huge runed gate.
 31953 | Abyss:2  | Found a huge runed gate.
 31953 | Abyss:2  | Found a huge runed gate.
 31953 | Abyss:2  | Found a huge runed gate.
 31953 | Abyss:2  | Found a huge runed gate.
 31953 | Abyss:2  | Found a huge runed gate.
 31955 | Abyss:2  | Found a huge runed gate.
 31957 | Abyss:2  | Found a huge runed gate.
 31960 | Abyss:2  | Found a huge runed gate.
 31962 | Abyss:2  | Found a huge runed gate.
 31968 | D:15     | Escaped the Abyss
 31984 | D:15     | Noticed Qiywoyfutt's ghost (journeyman GrFi)
 31984 | D:15     | Noticed Pigot's ghost (journeyman MiBe)
 31984 | D:15     | Noticed Lorph's ghost (journeyman MiBe)
 31984 | D:15     | Noticed Lorph's ghost (journeyman MiBe)
 31984 | D:15     | Noticed Kias's ghost (adept MiBe)
 31984 | D:15     | Noticed Opripao's ghost (journeyman MiFi)
 32152 | D:14     | Killed Qiywoyfutt's ghost
 32224 | D:14     | Killed Lorph's ghost
 32335 | D:14     | Killed Pigot's ghost
 33088 | D:14     | Killed Lorph's ghost
 33425 | D:15     | Found a staircase to the Depths.
 33979 | D:15     | Identified the ring "Ypsipoivee" {rPois Will- Int+6 Dex+6}
 34202 | D:15     | Identified the +1 short sword of Satyriasis {vorpal, Str+3
                  | Stlth+} (Okawaru gifted it to you on level 15 of the
                  | Dungeon)
 34202 | D:15     | Received a gift from Okawaru
 34411 | D:15     | Killed Opripao's ghost
 34426 | D:15     | Found a glowing silver altar of Zin.
 35229 | Lair:6   | Upgraded the game from 0.28-a0-401-ge240ad9e29 to
                  | 0.28-a0-422-gd71735cc25
 36257 | Snake:1  | Entered Level 1 of the Snake Pit
 37125 | Snake:1  | Reached XP level 17. HP: 91/98 MP: 24/24
 37195 | Snake:1  | Found Daqaroijy's Antique Armour Shop.
 37196 | Snake:1  | Found Sogorhuni's General Store.
 37196 | Snake:1  | Found Mujyrph's Distillery.
 37202 | Snake:1  | Found Igraukuy's Weapon Boutique.
 37594 | Snake:1  | Received a gift from Okawaru
 38012 | Snake:2  | Identified the +7 quick blade "Tepill" {freeze, +Blink
                  | rCorr Str-2 Dex+8} (Okawaru gifted it to you on level 2 of
                  | the Snake Pit)
 38012 | Snake:2  | Received a gift from Okawaru
 39774 | Snake:3  | Received a gift from Okawaru
 40345 | Snake:4  | Entered Level 4 of the Snake Pit
 40521 | Snake:4  | Reached skill level 15 in Fighting
 41280 | Snake:4  | Received a gift from Okawaru
 41345 | Snake:4  | Reached XP level 18. HP: 98/104 MP: 25/25
 41865 | Snake:4  | Got a serpentine rune of Zot
 42122 | Snake:1  | Bought a distressingly furry cloak for 218 gold pieces
 42122 | Snake:1  | Identified the +1 cloak of Qar Quat {Harm rF+++ MP-9
                  | Slay+5} (You bought it in a shop on level 1 of the Snake
                  | Pit)
 42122 | Snake:1  | Bought a pair of glowing gloves for 172 gold pieces
 42122 | Snake:1  | Bought a pair of runed gloves for 172 gold pieces
 42206 | Shoals:1 | Entered Level 1 of the Shoals
 42285 | Shoals:1 | Noticed Donald
 42312 | Shoals:1 | Killed Donald
 42313 | Shoals:1 | Reached skill level 15 in Shields
 42366 | Shoals:1 | Noticed Frances
 42388 | Shoals:1 | Killed Frances
 42443 | Shoals:1 | Noticed Nikola
 42466 | Shoals:1 | Killed Nikola
 42713 | Shoals:1 | Identified the -7 cloak "Upraryse" {SInv}
 42929 | Shoals:1 | Received a gift from Okawaru
 43596 | Shoals:2 | Received a gift from Okawaru
 43712 | Shoals:2 | Found a frozen archway.
 43732 | IceCv    | Entered an ice cave
 44145 | IceCv    | Acquired the amulet "Xetur" {rPois Regen+ Stlth+}
 44305 | IceCv    | Noticed a shard shrike
 44364 | IceCv    | Killed a shard shrike
 44364 | IceCv    | Received a gift from Okawaru
 44375 | IceCv    | Reached XP level 19. HP: 75/109 MP: 22/26
 44884 | Shoals:2 | You are sucked into a shaft and drop 1 floor!
 44884 | Shoals:3 | Noticed Polyphemus
 45183 | Shoals:3 | Killed Polyphemus
 46001 | Shoals:3 | Received a gift from Okawaru
 46103 | Shoals:3 | Reached skill level 1 in Invocations
 46339 | Shoals:3 | Reached skill level 1 in Evocations
 46498 | Shoals:4 | Entered Level 4 of the Shoals
 46528 | Shoals:4 | Reached skill level 5 in Spellcasting
 47258 | Shoals:4 | Identified the +4 scale mail of Ydiudih {rC+ Str+3}
 47404 | Shoals:4 | Cast into level 2 of the Abyss (merfolk)
 47480 | Abyss:2  | Noticed a hellephant
 47589 | Abyss:2  | Identified the +11 plate armour "Yferph" {Int+5 Dex-3}
 47617 | Shoals:4 | Escaped the Abyss
 48227 | Shoals:4 | Received a gift from Okawaru
 48281 | Shoals:4 | Got a barnacled rune of Zot
 48570 | Lair:4   | Killed Daelid's ghost
 48910 | Elf:1    | Entered Level 1 of the Elven Halls
 49236 | Elf:1    | Reached XP level 20. HP: 116/116 MP: 30/30
 49400 | Elf:1    | Found a flickering gateway to a bazaar.
 49407 | Bazaar   | Entered a bazaar
 49409 | Bazaar   | Found Paluewn's Distillery.
 49413 | Bazaar   | Found Sevetax's Book Boutique.
 49413 | Bazaar   | Found Tek Yjer's Weapon Boutique.
 49413 | Bazaar   | Found Awuus's Armour Boutique.
 49452 | Bazaar   | Bought a potion of curing for 33 gold pieces
 49452 | Bazaar   | Bought a potion of mutation for 88 gold pieces
 49452 | Bazaar   | Bought a potion of curing for 33 gold pieces
 49452 | Bazaar   | Bought a potion of curing for 33 gold pieces
 49452 | Bazaar   | Bought a potion of mutation for 88 gold pieces
 49452 | Bazaar   | Bought a potion of might for 44 gold pieces
 49540 | Elf:1    | You are sucked into a shaft and drop 1 floor!
 49553 | Elf:2    | Found a runed translucent gate.
 49553 | Elf:2    | Found a runed translucent gate.
 49553 | Elf:2    | Found a runed translucent gate.
 50301 | Elf:2    | Found Feajum's Weapon Boutique.
 50572 | Elf:2    | Identified the +7 dagger of Division {vorpal, Int+3}
                  | (Okawaru gifted it to you on level 2 of the Elven Halls)
 50572 | Elf:2    | Received a gift from Okawaru
 50838 | Elf:2    | Reached skill level 5 in Invocations
 50978 | Elf:3    | Entered Level 3 of the Elven Halls
 51183 | Elf:3    | Found Zudegemn's Jewellery Emporium.
 52749 | Elf:3    | Received a gift from Okawaru
 52834 | Elf:3    | Identified the ring "Osaunefu" {Wiz Will+ Str+2 Int+3}
 52877 | Elf:3    | Reached skill level 5 in Evocations
 52926 | Elf:3    | Identified the ring of Hoyga Top {MP+9 Dex+6}
 52996 | Elf:3    | Identified the +10 spear of Precise Incision {drain, Str+7}
 53006 | Elf:3    | Noticed a Brimstone Fiend
 53012 | Elf:3    | Reached XP level 21. HP: 90/120 MP: 28/33
 53249 | Elf:3    | Identified the ring "Hanahobb" {Wiz Str+2}
 53329 | Elf:3    | Identified the amulet "Himyxaw" {RegenMP Str+5}
 53345 | Elf:3    | Identified the +2 trident of Gozag's Displeasure {elec, rC+
                  | Will+}
 53532 | Elf:3    | Identified the ring "Xomm" {rElec rC+ Will+ Str+2 Dex-2}
 53602 | Elf:3    | Received a gift from Okawaru
 54267 | Vaults:1 | Entered Level 1 of the Vaults
 54900 | Vaults:1 | Reached skill level 1 in Air Magic
 54924 | Vaults:1 | Received a gift from Okawaru
 55206 | D:12     | Killed Kias's ghost
 56621 | Vaults:1 | Found Olu Pent's Armour Emporium.
 56831 | Vaults:2 | You are sucked into a shaft and drop 2 floors!
 56926 | Vaults:4 | Found a runed translucent gate.
 56926 | Vaults:4 | Found a runed translucent gate.
 56929 | Vaults:4 | Found a runed translucent gate.
 56986 | Vaults:4 | Received a gift from Okawaru
 57007 | Vaults:4 | Reached skill level 5 in Air Magic
 57065 | Vaults:4 | Reached XP level 22. HP: 126/126 MP: 35/35
 57199 | Vaults:4 | Found Eclahut's Distillery.
 57364 | Vaults:3 | Identified the +16 plate armour of Sikeprac {rC+ rN+ Dex-3}
                  | (Okawaru gifted it to you on level 3 of the Vaults)
 57364 | Vaults:3 | Received a gift from Okawaru
 57429 | Vaults:3 | Reached skill level 15 in Short Blades
 57993 | Vaults:2 | Cast into level 2 of the Abyss (a wizard)
 58069 | Abyss:2  | Paralysed by accursed screaming for 1 turns
 58109 | Abyss:2  | Got Niyl's Disquisition on Battle Magic and Snow
 58214 | Abyss:2  | Found a runed translucent door.
 58446 | Abyss:4  | Reached skill level 10 in Dodging
 58472 | Abyss:5  | Entered Level 5 of the Abyss
 58702 | Vaults:2 | Escaped the Abyss
 58803 | Vaults:2 | Received a gift from Okawaru
 59202 | Vaults:2 | Found a portal to a secret trove of treasure.
 59580 | Vaults:2 | Found a staircase to the Crypt.
 60038 | Vaults:3 | Noticed Mennas
 60281 | Vaults:3 | Killed Mennas
 60737 | Vaults:4 | Received a gift from Okawaru
 60752 | Vaults:4 | Found Ceral's Weapon Emporium.
 60824 | Vaults:4 | Found Kyocon's Jewellery Shop.
 60835 | Vaults:4 | Bought the ring "Pulud" {rF+ rC+ Will+ Dex+6} for 1446 gold
                  | pieces
 60934 | Vaults:4 | Reached XP level 23. HP: 132/132 MP: 36/36
 61013 | Vaults:4 | Found Qumaom's Antique Armour Shop.
 61332 | Vaults:4 | Reached skill level 15 in Armour
 61693 | Vaults:4 | Found a runed translucent gate.
 61693 | Vaults:4 | Found a runed translucent gate.
 61701 | Vaults:4 | Found a runed translucent gate.
 61707 | Vaults:4 | Noticed handsome's ghost (veteran OpWn)
 63006 | Vaults:4 | Killed handsome's ghost
 63317 | Vaults:4 | Gained mutation: You have sharp toenails. [mutagenic glow]
 63340 | Vaults:4 | Gained mutation: Your spells are a little easier to cast,
                  | but a little less powerful. [mutagenic glow]
 63495 | Depths:1 | Entered Level 1 of the Depths
 63954 | Depths:1 | Upgraded the game from 0.28-a0-422-gd71735cc25 to
                  | 0.28-a0-425-gd0eccab798
 64218 | Depths:1 | Found a one-way gate to the infinite horrors of the Abyss.
 64220 | Depths:1 | Noticed Margery
 64220 | Depths:1 | Found a gateway to Hell.
 64310 | Depths:1 | Killed Margery
 64616 | Depths:1 | Identified the +1 robe "Hiatoh" {*Corrode Str+7 Dex+3}
                  | (Okawaru gifted it to you on level 1 of the Depths)
 64616 | Depths:1 | Received a gift from Okawaru
 65214 | Depths:2 | Found a one-way gate leading to the halls of Pandemonium.
 65291 | Depths:2 | Found a gateway to a ziggurat.
 65752 | Depths:2 | Found a viscous altar of Jiyva.
 65927 | Depths:2 | Noticed Sojobo
 65975 | Depths:2 | Killed Sojobo
 65976 | Depths:2 | Reached XP level 24. HP: 128/138 MP: 36/36
 66125 | Depths:2 | Found a transporter.
 66214 | Depths:2 | Noticed Mara
 66226 | Depths:2 | Noticed mistaj's illusion
 66246 | Depths:2 | Killed Mara
 66614 | Depths:2 | Found a transporter.
 66752 | Depths:3 | Paralysed by a floating eye for 2 turns
 66764 | Depths:3 | Paralysed by a floating eye for 2 turns
 67359 | Depths:3 | Noticed a juggernaut
 67390 | Depths:3 | Killed a juggernaut
 67521 | Depths:3 | Identified the +1 dagger of Trial by Ordeal {vorpal, Fly
                  | rC- Will+ Str+6} (Okawaru gifted it to you on level 3 of
                  | the Depths)
 67521 | Depths:3 | Received a gift from Okawaru
 67588 | Depths:3 | Identified the +6 great mace of Impatience {drain, Contam
                  | +Rage rF+ MP+9}
 67698 | Depths:3 | Identified the +2 tower shield of Hedge Wizardry {*Corrode
                  | rF+ Regen+ Slay+2}
 67745 | Depths:3 | You are sucked into a shaft and drop 1 floor!
 67773 | Depths:4 | Paralysed by a floating eye for 2 turns
 67785 | Depths:4 | Paralysed by a floating eye for 3 turns
 68382 | Depths:4 | Noticed a dread lich
 68401 | Depths:4 | Killed a dread lich
 68401 | Depths:4 | Received a gift from Okawaru
 68483 | Depths:4 | Paralysed by a great orb of eyes for 2 turns
 68629 | Depths:4 | Reached XP level 25. HP: 76/144 MP: 35/36
 69797 | Depths:4 | Got the Volume of Nocuous Battle Magic
 69801 | Depths:4 | Reached XP level 26. HP: 150/150 MP: 36/36
 69802 | Depths:4 | Reached XP level 27. HP: 154/154 MP: 36/36
 70523 | Depths:5 | Entered Level 5 of the Depths
 70546 | Depths:4 | Received a gift from Okawaru
 70922 | Depths:5 | Found Voma Yno's Jewellery Boutique.
 70923 | Depths:5 | Found Genik's Book Emporium.
 70924 | Depths:5 | Found Zaumn's Jewellery Boutique.
 71743 | Depths:5 | Found a gate to the Realm of Zot.
 72710 | Slime:1  | Entered Level 1 of the Pits of Slime
 72806 | Slime:5  | Entered Level 5 of the Pits of Slime
 73299 | Slime:5  | Identified the +1 plate armour "Teobec" {rN+ Regen+}
                  | (Okawaru gifted it to you on level 5 of the Pits of Slime)
 73299 | Slime:5  | Received a gift from Okawaru
 73453 | Slime:5  | Found a viscous altar of Jiyva.
 73453 | Slime:5  | Noticed the Royal Jelly
 73465 | Slime:5  | Killed the Royal Jelly
 73762 | Slime:5  | Identified the +7 long sword of Fedhas's Supremacy {venom,
                  | rElec rPois rF+++ Int-2}
 73764 | Slime:5  | Got a slimy rune of Zot
 73786 | Slime:5  | Identified the -2 cloak "Ugruki" {Int+2 Dex+4}
 73814 | Slime:5  | Identified the +1 leather armour of Xom's Supremacy {rC+
                  | rN+}
 74349 | Vaults:2 | You paid a toll of 5 scrolls of blinking to enter a
                  | treasure trove
 74350 | Trove    | Entered a treasure trove
 74377 | Trove    | Identified the ring "Nooddaif" {+Blink rCorr Slay+4}
 74389 | Trove    | Identified the +1 robe of Agnosticism {rPois MP+9 Str+8
                  | Dex-4}
 74737 | Lair:3   | Killed Anno's ghost
 75044 | Vaults:5 | Entered Level 5 of the Vaults
 75091 | Vaults:5 | Noticed an ancient lich
 75139 | Vaults:5 | Killed an ancient lich
 75198 | Vaults:5 | Noticed an ancient lich
 75239 | Vaults:5 | Killed an ancient lich
 75373 | Vaults:5 | Received a gift from Okawaru
 75562 | Vaults:5 | Identified the amulet of Eluloniq {*Slow rElec rF++ Regen+
                  | Int+7}
 75730 | Vaults:5 | Identified the +0 great sword "Kaoc" {flame, rC+}
 75888 | Vaults:5 | Identified the +9 hand crossbow "Jaemus" {elec, rPois rC+
                  | Dex+3}
 75916 | Vaults:5 | Found Foosuo's Assorted Antiques.
 75925 | Vaults:5 | Bought a scroll of brand weapon for 860 gold pieces
 75925 | Vaults:5 | Bought a scroll of teleportation for 129 gold pieces
 75925 | Vaults:5 | Bought a scroll of magic mapping for 150 gold pieces
 75925 | Vaults:5 | Bought a scroll of blinking for 322 gold pieces
 75925 | Vaults:5 | Bought a scroll of magic mapping for 150 gold pieces
 75988 | Vaults:5 | Received a gift from Okawaru
 76063 | Vaults:5 | Identified the +1 scale mail "Cagiqor" {rElec rPois Stlth+}
 76066 | Vaults:5 | Identified the +3 hand axe of Uncertain Death {flame,
                  | Int+5}
 76074 | Vaults:5 | Got the Grimoire of Confrontation and the Traveller
 76500 | Vaults:5 | Reached skill level 15 in Dodging
 76503 | Vaults:5 | Got a silver rune of Zot
 76551 | Vaults:5 | Noticed an ancient lich
 76572 | Vaults:5 | Killed an ancient lich
 76767 | Vaults:5 | Noticed an ancient lich
 76792 | Vaults:5 | Killed an ancient lich
 76860 | Vaults:5 | Identified the ring "Uwoid" {rElec rPois rF+ Dex+4}
 77434 | Depths:2 | Identified the +3 ring mail of the Depths {rPois Regen+}
                  | (Okawaru gifted it to you on level 2 of the Depths)
 77434 | Depths:2 | Received a gift from Okawaru
 77434 | Depths:2 | Paralysed by a floating eye for 4 turns
 77451 | Depths:2 | Paralysed by a floating eye for 4 turns
 77465 | Depths:2 | Paralysed by a floating eye for 3 turns
 77478 | Depths:2 | Paralysed by a floating eye for 4 turns
 77489 | Depths:2 | Paralysed by a floating eye for 2 turns
 77542 | Depths:2 | Identified the amulet "Paprur" {RegenMP rF- Int+6 Slay+3
                  | SInv}
 77716 | Depths:1 | Voluntarily entered the Abyss.
 77878 | Abyss:3  | Got an abyssal rune of Zot
 77892 | Depths:1 | Escaped the Abyss
 78035 | Zot:1    | Entered Level 1 of the Realm of Zot
 78162 | Zot:1    | Found a huge runed gate.
 78162 | Zot:1    | Found a huge runed gate.
 78164 | Zot:1    | Found a huge runed gate.
 78165 | Zot:1    | Found a huge runed gate.
 78165 | Zot:1    | Found a huge runed gate.
 78167 | Zot:1    | Found a huge runed gate.
 78168 | Zot:1    | Found a huge runed gate.
 78169 | Zot:1    | Found a huge runed gate.
 78170 | Zot:1    | Found a huge runed gate.
 78171 | Zot:1    | Found a huge runed gate.
 78179 | Zot:1    | Found a huge runed gate.
 78181 | Zot:1    | Found a huge runed gate.
 78182 | Zot:1    | Found a huge runed gate.
 78241 | Zot:1    | Found a huge runed gate.
 78242 | Zot:1    | Found a huge runed gate.
 78245 | Zot:1    | Found a huge runed gate.
 78251 | Zot:1    | Found a huge runed gate.
 78253 | Zot:1    | Found a huge runed gate.
 78253 | Zot:1    | Found a huge runed gate.
 78254 | Zot:1    | Found a huge runed gate.
 78255 | Zot:1    | Found a huge runed gate.
 78659 | Zot:1    | Found a huge runed gate.
 78659 | Zot:1    | Found a huge runed gate.
 78659 | Zot:1    | Found a huge runed gate.
 78984 | Zot:1    | Found a huge runed gate.
 78985 | Zot:1    | Found a huge runed gate.
 78986 | Zot:1    | Found a huge runed gate.
 79324 | Zot:1    | Received a gift from Okawaru
 79412 | Zot:1    | Identified the ring of Fixation {rPois rN+ AC+4 Str+3
                  | Slay-2}
 80209 | Zot:2    | Noticed an orb of fire
 80261 | Zot:2    | Killed an orb of fire
 80282 | Zot:2    | Noticed an orb of fire
 80299 | Zot:2    | Received a gift from Okawaru
 80318 | Zot:2    | Killed an orb of fire
 80989 | Zot:2    | Upgraded the game from 0.28-a0-425-gd0eccab798 to
                  | 0.28-a0-429-g1448048969
 81163 | Zot:3    | Received a gift from Okawaru
 81163 | Zot:3    | Found the +7 lajatang of Order {silver, rMut}
 81917 | Zot:3    | Received a gift from Okawaru
 83392 | Zot:4    | Identified the +1 cloak of Lucidity {Int+5}
 83501 | Zot:4    | Killed from afar by a deathcap

Illustrated notes

Levels and vault maps discovered:
D:1:      psy_arrival_conway, layout_basic, serial_shops, shop,
          nicolae_shop_stone
D:2:      layout_basic, basic_ecumenical_altar, uniq_terence
D:3:      layout_loops_ring, nicolae_hepliaklqana_hippocampus,
          minmay_starry_boxes, uniq_sigmund
D:4:      layout_loops_ring, minmay_temple_entry_offerings, uniq_natasha,
          uniq_eustachio, uniq_edmund
D:5:      layout_basic, ebering_ghost_disaster_area,
          chequers_hall_statues_corner_a
D:6:      layout_basic, serial_shops, kennysheep_little_box, shop_fountains,
          nicolae_lakefront_shop, shop, nicolae_stop_n_shop_2,
          kennysheep_nondescript
D:7:      layout_rooms, mainiacjoe_overflow_alcove_1,
          nicolae_yredelemnul_corpse_copse, uniq_prince_ribbit1
D:8:      layout_basic, amcnicky_altar_gilded,
          gammafunk_temple_overflow_elements, lemuel_flamethrower_1
D:9:      gammafunk_indiana_jones, layout_loops_ring, erik_lair_orcish_takeover,
          serial_shops, nicolae_take_the_stairs
D:10:     layout_big_octagon, zombieorc2_lemuel, enter_bailey_5,
          serial_gnoll_camp, gnoll_camp_mini_sergeant,
          gnoll_camp_mini_loothouse, gnoll_camp_mini_doghouse,
          gnoll_camp_medium_02, gnoll_camp_mini_basic, gnoll_camp_huts_basic,
          serial_shops, nicolae_shop_crystal, grunt_decor_cap
D:11:     layout_long_grid, chequers_serial_rivers_micro_b,
          okawaru_altar_gauntlet_db, uniq_sonja
D:12:     layout_irregular_city
D:13:     layout_stronghold, david_vaults_3
D:14:     layout_irregular_city, chequers_serial_rivers_micro_e
D:15:     gammafunk_depths_entry_grave, layout_cave_pools, serial_column_ruins,
          column_ruins_hut, column_ruins_hut_ruined,
          column_ruins_columns_straight, column_ruins_columns_dead_end,
          column_ruins_grid_2, gammafunk_ghost_door_vault, zin_scriptorium
Temple:   compressed_dpeg_circular_temple
Lair:1:   layout_loops_ring, basic_altar, chequers_serial_rivers_marsh,
          minivault_24, grunt_megastairs_4
Lair:2:   layout_loops_ring, guppyfry_snake_entry_island, uniq_gastronok,
          uniq_urug, uniq_nergalle
Lair:3:   layout_misc_corridors, hellmonk_ghost_happy_afterlife,
          serial_bayou_shore_b
Lair:4:   layout_regular_city, elwin_shoals_entry_rooms, ebering_ghost_xom,
          serial_bayou_pond_e
Lair:5:   layout_cellular_growth, lemuel_fruit_tree, serial_bayou_shore_b,
          uniq_josephine, uniq_nessos
Lair:6:   due_jungle_book, layout_cave_pods, slime_altar_1
Shoals:1: layout_shoals, uniq_nikola, uniq_frances, uniq_donald
Shoals:2: layout_shoals, portal_ice_cave_entry_dragon
Shoals:3: layout_shoals, uniq_polyphemus
Shoals:4: shoals_end_grunt_ice, layout_shoals,
          nicolae_shoals_siren_and_animal_friends
Snake:1:  layout_gridlike, minmay_shoptagon, grunt_megastairs_3,
          serial_bayou_shore_b
Snake:2:  layout_honeycomb, drop_trap, corexii_hall_statues_s,
          serial_bayou_crossing, grunt_megastairs_1
Snake:3:  layout_honeycomb, st_stairs_3
Snake:4:  minmay_snake_end_coiled, layout_concentric_octagons
Slime:1:  nicolae_slime_jelly_donut, layout_caves
Slime:2:  layout_caves
Slime:3:  layout_caves
Slime:4:  layout_caves
Slime:5
Orc:1:    layout_diamond_mine, guppyfry_library_mini
Orc:2:    grunt_orc_community_town_hall, layout_caves,
          grunt_orc_community_big_house_2, grunt_orc_community_big_house_1,
          grunt_orc_community_house_2, grunt_orc_community_house_1,
          grunt_orc_community_house_3, grunt_orc_community_house_2,
          grunt_orc_community_house_1, nicolae_volcano_entry_batcave,
          nicolae_orc_sculptors_studio, nicolae_shop_gadgets
Elf:1:    layout_geoelf_diagonals, serial_shops, bzr_entry_islet,
          hangedman_elven_crosses_minicolossus, grunt_megastairs_2
Elf:2:    elven_hall_of_blades_hangedman_original
          [nicolae_blade_entry_sentries_behind_glass], layout_gridlike,
          serial_shops, nicolae_shop_competitors_out_of_business
Elf:3:    grunt_elf_hall_asides, layout_loops_corners, serial_shops, shop
Vaults:1: v_misc_32, v_alt_pattern_1, v_misc_1, vaults_mumra_hexcomb,
          nicolae_vaults_sealed_display, v_misc_18, nicolae_vaults_arrows,
          ontoclasm_vaults_claustrophobia, layout_vaults_big_cross,
          serial_shops, shop
Vaults:2: vaults_dpeg_encased_lava, hangedman_vaults_trim, v_rooms_3,
          minmay_crypt_entry_simple_box, nicolae_vaults_theta,
          layout_vaults_omnigrid, nicolae_trove_entry_isolated
Vaults:3: v_misc_8, nicolae_vaults_network_barrier, nicolae_vaults_angled_halls,
          ontoclasm_vaults_loading_screen, vaults_room_grid,
          nicolae_vaults_border_crossing, vaults_room_hallway,
          ontoclasm_vaults_pinch, layout_vaults_big_room, uniq_mennas
Vaults:4: ploomutoo_gammafunk_vaults_ghost_potion_laboratory, serial_ice_m,
          v_alt_pattern_3, vaults_room_door_hall, grunt_vaults_focal,
          ontoclasm_vaults_loading_screen, nicolae_vaults_shelves_hall,
          ontoclasm_vaults_misaligned, nicolae_vaults_windows_and_doors_thing,
          vaults_room_door_hall, layout_vaults_maze, serial_shops, shop, shop,
          shop, nicolae_diamond_shop
Vaults:5
Depths:1: layout_honeycomb, abyss_entry, grunt_metal_band,
          minmay_misc_feat_diagonals, nooodl_orcs_dogs
Depths:2: gammafunk_jiyva_shrine, layout_basic, enter_ziggurat_f,
          rand_demon_pan_entry_7, serial_rivers, chequers_serial_rivers_small_a,
          chequers_serial_rivers_room_a, chequers_serial_rivers_micro_c,
          chequers_serial_rivers_small_b, chequers_serial_rivers_micro_e,
          hangedman_tar_grid_catacomb, infiniplex_staircase_pool_2, uniq_mara,
          uniq_sojobo
Depths:3: minmay_the_grid_3x3 [minmay_the_grid_doors, minmay_the_grid_tiny_cups,
          minmay_the_grid_dragon_a, minmay_the_grid_aliased_spiral,
          minmay_the_grid_garden, minmay_the_grid_empty, minmay_the_grid_empty,
          minmay_the_grid_gridbox, minmay_the_grid_prize_diamond_cup],
          layout_basic, glass_columns_c, grunt_pan_entry_zigzag, hell_entry,
          minmay_misc_feat_secret_circle, minmay_microvault
Depths:4: lemuel_river_lethe, hell_entry, abyss_entry
Depths:5: grunt_zot_entry_hairpin, layout_cave_shapes,
          hangedman_abyss_or_decor_stagger, hell_entry, grunt_megastairs_5,
          minmay_shop_grove
Zot:1:    layout_cathedral_of_symmetry, not_door_vault_due
Zot:2:    grunt_deathspiral_small, layout_concentric_octagons,
          hangedman_zot_diagonal_lockstep, hangedman_zot_gyre, st_stairs_2
Zot:3:    infiniplex_zot_generator, layout_misc_corridors,
          hangedman_player_shredder
Zot:4:    layout_misc_corridors, st_stairs_7, lemuel_elevator

Skill      XL: |  1  2  3  4  5  6  7  8  9 10 11 12 13 14 15 16 17 18 19 20 21 22 23 24 25 26 27 |
---------------+----------------------------------------------------------------------------------+-----
Fighting       | 3 4 5 6 7 8 10 11 12 13 14 15 16 17 18 19 21 | 21.5
Short Blades   | 1 2 4 6 7 9 10 11 12 13 14 15 16 17 20 | 20.5
Spellcasting   | 1 4 6 7 8 |  8.3
Shields        | 5 7 9 10 11 12 13 14 16 17 18 19 21 | 21.6
Armour         | 4 6 8 9 10 11 12 13 14 15 16 19 | 19.1
Dodging        | 4 6 7 8 9 10 11 12 13 16 | 16.7
Invocations    | 3 5 6 |  6.4
Evocations     | 3 5 |  5.8
Air Magic      | 5 7 |  7.1
Unarmed Combat | |  2.3

Action                   |  1- 3 |  4- 6 |  7- 9 | 10-12 | 13-15 | 16-18 | 19-21 | 22-24 | 25-27 || total
-------------------------+-------+-------+-------+-------+-------+-------+-------+-------+-------++-------
Melee: Unarmed           |    25 |       |       |       |       |       |       |       |       ||    25
       Bite              |    26 |    22 |   159 |   878 |  1535 |  1951 |  1698 |  2364 |  3006 || 11639
       Short sword       |    75 |    99 |    80 |       |       |       |       |       |       ||   254
       Dagger            |       |       |   285 |  2172 |  2885 |  2420 |       |       |       ||  7762
       Quick blade       |       |       |       |       |       |  1640 |  3004 |  4576 |  4563 || 13783
Throw: Dart              |       |       |       |       |    14 |       |       |       |       ||    14
Invok: Heroism           |       |       |       |       |     2 |     1 |       |       |     1 ||     4
       Finesse           |       |       |       |       |       |       |       |       |     1 ||     1
Evoke: Wand              |       |       |       |       |     3 |       |       |       |     1 ||     4
  Use: Scroll            |       |       |    10 |    11 |    14 |    10 |     4 |     6 |    10 ||    65
       Potion            |       |       |       |       |       |       |       |     1 |     4 ||     5
 Stab: Held in net/web   |       |       |       |     1 |       |       |       |       |       ||     1
       Petrifying        |       |       |       |       |       |       |     1 |       |       ||     1
       Petrified         |       |       |       |       |       |       |     1 |       |       ||     1
       Distracted        |       |       |       |       |       |       |       |       |     1 ||     1
Armor: Scale mail        |    26 |     1 |       |       |       |       |       |       |       ||    27
       Chain mail        |       |    54 |    86 |   363 |   229 |       |       |       |       ||   732
       Crystal plate arm |       |       |       |       |   351 |   830 |   588 |   835 |  1174 ||  3778
Dodge: Dodged            |    30 |    23 |    60 |   290 |   344 |   318 |   314 |   484 |   688 ||  2551
Block: Buckler           |    22 |    17 |    82 |       |       |       |       |       |       ||   121
       Kite shield       |       |       |    15 |  1030 |  1258 |  1362 |  1319 |  1752 |  2108 ||  8844
       Reflection        |       |       |     2 |    25 |    45 |   163 |    90 |    50 |    37 ||   412
       Tower shield      |       |       |       |       |       |   423 |       |       |       ||   423

Table legend: (Time is in decaauts)
 A = Elapsed time spent in this place.
 B = Non-inter-level travel time spent in this place.
 C = Inter-level travel time spent in this place.
 D = Time resting spent in this place.
 E = Time spent auto-exploring this place.
 F = Levels seen in this place.
 G = Mean time per level.
                   A        B        C        D        E       F      G
               +--------+--------+--------+--------+--------+-----+--------+
         Total |  69925 |  62843 |   7082 |  11856 |  25141 |  67 | 1043.7 |
       Dungeon |  20368 |  17648 |   2720 |   3789 |   7598 |  15 | 1357.9 |
        Temple |    259 |    224 |     35 |    158 |      0 |   1 |  259.0 |
          Lair |   9519 |   7910 |   1609 |   1934 |   3641 |   6 | 1586.5 |
        Shoals |   4412 |   4111 |    301 |    658 |   1732 |   4 | 1103.0 |
     Snake Pit |   5056 |   4787 |    269 |    872 |   1946 |   4 | 1264.0 |
    Slime Pits |   1005 |    958 |     47 |    414 |      0 |   5 |  201.0 |
  Orcish Mines |   4594 |   4008 |    586 |   1411 |    457 |   2 | 2297.0 |
   Elven Halls |   3717 |   3419 |    298 |    546 |   1345 |   3 | 1239.0 |
        Vaults |   7984 |   7242 |    742 |    784 |   2609 |   5 | 1596.8 |
        Depths |   7022 |   6634 |    388 |    842 |   3196 |   5 | 1404.4 |
           Zot |   4306 |   4222 |     84 |    351 |   2251 |   4 | 1076.5 |
         Abyss |    841 |    841 |      0 |     77 |      5 |  10 |   84.1 |
        Bazaar |     57 |     57 |      0 |      0 |      0 |   1 |   57.0 |
         Trove |     46 |     46 |      0 |      0 |      0 |   1 |   46.0 |
      Ice Cave |    732 |    732 |      0 |     16 |    360 |   1 |  732.0 |
               +--------+--------+--------+--------+--------+-----+--------+

Top non-repeatable levels by time:
   Orc:1: 2594 daAuts
    D:14: 2338 daAuts
Vaults:4: 2197 daAuts
  Lair:1: 2106 daAuts
    D:10: 2054 daAuts
     D:9: 2040 daAuts
   Orc:2: 2000 daAuts
   Elf:3: 1999 daAuts
Vaults:1: 1909 daAuts
  Lair:6: 1886 daAuts
     D:2: 1766 daAuts
   Zot:3: 1692 daAuts
  Lair:4: 1609 daAuts
Depths:2: 1588 daAuts
Depths:4: 1547 daAuts
